 Dungeon Crawl Stone Soup version 0.27-a0-40-g5f2be0e231 (webtiles) character file.

Game seed: 10616355620319120252

44 Borgoz the Covered (level 3, 0/26 HPs)
             Began as a Halfling Fighter on Jan 6, 2021.
             Slain by a worm (8 damage)
             ... on level 2 of the Dungeon.
             The game lasted 00:00:57 (1267 turns).

Borgoz the Covered (Halfling Fighter)               Turns: 1267, Time: 00:00:57

Health: 0/26       AC:  6    Str: 17    XL:     3   Next: 85%
Magic:  3/3        EV:  8    Int:  6    God:
Gold:   72         SH:  9    Dex: 14    Spells: 2/2 levels left

rFire    . . .     SeeInvis .   a - +0 long sword
rCold    . . .     Faith    .   c - +0 kite shield
rNeg     . . .     Spirit   .   b - +0 scale mail
rPois    .         Reflect  .   (no helmet)
rElec    .         Harm     .   (no cloak)
rCorr    .         Rampage  .   (no gloves)
Will     .....                  (no boots)
Stlth    ..........             (no amulet)
HPRegen  0.08/turn              (no ring)
MPRegen  0.08/turn              (no ring)

@: lethally poisoned (0 -> -2)
A: small, mutation resistance 1
a: no special abilities


You were on level 2 of the Dungeon.
You visited 1 branch of the dungeon, and saw 2 of its levels.

You collected 72 gold pieces.

Inventory:

Hand Weapons
 a - a +0 long sword (weapon)
Armour
 b - a +0 scale mail (worn)
 c - a +0 kite shield (worn)
Scrolls
 g - a scroll of enchant armour {unknown}
 h - a scroll of teleportation {unknown}
 j - 2 scrolls of identify {unknown}
Potions
 d - a potion of might
 e - a potion of flight {unknown}
 f - a potion of berserk rage {unknown}
 i - a potion of lignification {unknown}


   Skills:
 * Level 3.3 Fighting
 * Level 2.8 Long Blades
 + Level 3.6 Armour
 - Level 3.2 Shields


You had 2 spell levels left.
You didn't know any spells.
Your spell library was empty.

Dungeon Overview and Level Annotations

Branches:
Dungeon (2/15)

Altars:


Innate Abilities, Weirdness & Mutations

You are small and have problems with some larger weapons.
You are somewhat resistant to further mutation.


Message History

You kill the adder!
You feel sick. The worm bites you.
You hit the worm.
The worm is moderately wounded.
You block the worm's attack.
Your scale mail prevents you from hitting the worm.
The worm is moderately wounded.
You hit the worm.
The worm is moderately wounded.
You feel sick. The worm bites you!
* * * LOW HITPOINT WARNING * * *
You are too injured to fight recklessly!
You barely miss the worm.
The worm is moderately wounded.
You block the worm's attack.
You are too injured to fight recklessly!
You hit the worm.
The worm is moderately wounded.
The worm bites you!
You die...

#...#.#
#.###.# #.#
#.# . #.# #.#
.. #.###.#
... #.....#
... #..####
..
#..####.#####
#...)@w......
#.#####.####.
#.. .. ###
..# ... #.


You could see a worm.

Vanquished Creatures
  An adder (D:2)
  A dart slug (D:1)
  A leopard gecko (D:1)
  A giant cockroach (D:1)
  8 goblins (D:1)
  6 hobgoblins
  2 kobolds (D:1)
  4 bats
  2 frilled lizards (D:1)
  4 rats (D:1)
30 creatures vanquished.

Notes
Turn   | Place    | Note
-------+----------+-------------------------------------------
     0 | D:1      | Borgoz the Halfling Fighter began the quest for the Orb.
     0 | D:1      | Reached XP level 1. HP: 15/15 MP: 1/1
    57 | D:1      | Reached XP level 2. HP: 3/20 MP: 2/2
   583 | D:1      | Reached XP level 3. HP: 26/26 MP: 3/3
  1267 | D:2      | Slain by a worm

Illustrated notes

Levels and vault maps discovered:
D:1:      tarquinn_simple_flora_water_f, layout_loops_ring, serial_aquarium,
          aquarium_bridge_straight [aquarium_subvault_bridge,
          aquarium_subvault_balcony, aquarium_subvault_bridge,
          aquarium_subvault_wall], aquarium_bridge_square
          [aquarium_subvault_wall, aquarium_subvault_bridge,
          aquarium_subvault_wall, aquarium_subvault_balcony],
          aquarium_window_fake, aquarium_window_fake, aquarium_window_2,
          aquarium_view_2b
D:2:      layout_basic, fiery_altar_vehumet, nicolae_overflow_crystal_walls

Skill      XL: |  1  2 |
---------------+-------+-----
Fighting       | 3 |  3.3
Long Blades    | |  2.8
Armour         | |  3.6
Shields        | |  3.2

Action                   || total
-------------------------++-------
Melee: Long sword        ||    92
Armor: Scale mail        ||    32
Dodge: Dodged            ||    37
Block: Kite shield       ||    56
       Rpst.: Long sword ||    12

Table legend: (Time is in decaauts)
 A = Elapsed time spent in this place.
 B = Non-inter-level travel time spent in this place.
 C = Inter-level travel time spent in this place.
 D = Time resting spent in this place.
 E = Time spent auto-exploring this place.
 F = Levels seen in this place.
 G = Mean time per level.
                   A        B        C        D        E       F      G
               +--------+--------+--------+--------+--------+-----+--------+
         Total |   1299 |   1282 |     17 |    282 |    817 |   2 |  649.5 |
       Dungeon |   1299 |   1282 |     17 |    282 |    817 |   2 |  649.5 |
               +--------+--------+--------+--------+--------+-----+--------+

Top non-repeatable levels by time:
     D:1: 1258 daAuts
     D:2: 41 daAuts
